 Dungeon Crawl Stone Soup version 0.31-a0-1009-g454b1f1e0a (webtiles) character file.

Game seed: 5927595555097476927

15288 kae the Slicer (level 11, -15/72 HPs)
             Began as a Demonspawn Enchanter on Nov 14, 2023.
             Was a Believer of Dithmenos.
             Demolished by a death yak (20 damage)
             ... in an ice cave.
             The game lasted 00:14:07 (11213 turns).

kae the Slicer (Demonspawn Enchanter)              Turns: 11213, Time: 00:14:08

Health: -15/72     AC: 13    Str: 13    XL:     11   Next: 99%
Magic:  31/32      EV: 13    Int: 14    God:    Dithmenos [**....]
Gold:   442        SH:  0    Dex: 21    Spells: 3/26 levels left

rFire   + . .        t - +8 short sword "Ulugariv" {drain, rF+ rN+ Will- MP+9}
rCold   . . .        (no shield)
rNeg    + . .        b - +1 robe
rPois   .            (helmet unavailable)
rElec   +            D - +0 cloak of Boomnudd {Drain Int-2 Dex+7 SInv}
rCorr   .            B - +0 pair of gloves
SInv    +            z - +0 pair of boots "Piruanoat" {rElec Stlth+}
Will    .....        (no amulet)
Stlth   +++++++      Y - +4 ring of slaying
HPRegen 0.32/turn    O - +4 ring of protection
MPRegen 0.23/turn

%: no passive effects
@: wreathed by umbra, studying Maces & Flails
A: antennae 3, slimy green scales 2, spiny 1
a: Renounce Religion, Shadow Step


You were in an ice cave.
You worshipped Dithmenos.
Dithmenos was pleased with you.
You visited 2 branches of the dungeon, and saw 14 of its levels.
You also visited: Ice Cave.

You collected 832 gold pieces.
You spent 390 gold pieces at shops.


Innate Abilities, Weirdness & Mutations

You have a pair of large antennae on your head. (SInv)
You are mostly covered in slimy green scales. (AC +3)
You are partially covered in sharp spines.


   Skills:
 + Level 1.8 Fighting
 * Level 11.0 Short Blades
 + Level 1.6 Armour
 + Level 2.5 Dodging
 + Level 9.0 Stealth
 + Level 8.0 Spellcasting
 + Level 9.0 Hexes
 - Level 3.0 Ice Magic
 + Level 2.5 Invocations


You had 3 spell levels left.
You knew the following spells:

 Your Spells              Type           Power      Damage    Failure   Level
a - Ensorcelled Hibernat  Hex/Ice        44%        N/A       1%          2
b - Confusing Touch       Hex            31%        N/A       1%          3
c - Tukima's Dance        Hex            31%        N/A       1%          3
d - Cause Fear            Hex            15%        N/A       3%          4
e - Discord               Hex            15%        N/A       100%        8
f - Dazzling Flash        Conj/Hex       36%        N/A       6%          3

Your spell library contained the following spells:

 Spells                   Type           Power      Damage    Failure   Level
 Sigil of Binding         Hex            31%        N/A       1%          3
 Summon Guardian Golem    Hex/Summ       18%        N/A       6%          3
 Magic Dart               Conj           20%        1d4       13%         1
 Shock                    Conj/Air       20%        1d4       13%         1
 Summon Small Mammal      Summ           20%        N/A       13%         1
 Blink                    Tloc           10%        N/A       19%         2
 Lesser Beckoning         Tloc           10%        N/A       19%         2
 Scorch                   Fire           10%        2d5       19%         2
 Searing Ray              Conj           10%        2d4       19%         2
 Call Canine Familiar     Summ           5%         N/A       36%         3
 Gell's Gravitas          Tloc           5%         N/A       36%         3
 Swiftness                Air            5%         N/A       36%         3
 Teleport Other           Tloc           5%         N/A       36%         3
 Volatile Blastmotes      Fire/Tloc      10%        2d10      36%         3
 Dimensional Bullseye     Hex/Tloc       9%         N/A       21%         4
 Fulminant Prism          Conj/Hex       9%         3d7       21%         4
 Leda's Liquefaction      Hex/Erth       9%         N/A       21%         4
 Summon Mana Viper        Hex/Summ       18%        N/A       50%         5
 Airstrike                Air            2%         2d(1-17)  77%         4
 Flame Wave               Conj/Fire      5%         2d5       77%         4
 Manifold Assault         Tloc           5%         N/A       77%         4
 Starburst                Conj/Fire      2%         6d3       100%        6
 Summon Cactus Giant      Summ           2%         N/A       100%        6
 Haunt                    Necr/Summ      2%         N/A       100%        7
 Maxwell's Capacitive Co  Air            2%         ∞         100%        8

Inventory:

Hand Weapons
 a - a +2 dagger of venom
 t - the +8 short sword "Ulugariv" (weapon) {drain, rF+ rN+ Will- MP+9}
   (You found it on level 4 of the Dungeon)

   rF+:       It protects you from fire.
   rN+:       It protects you from negative energy.
   Will-:     It decreases your willpower.
   MP+9:      It affects your magic capacity (+9).
Missiles
 d - 5 poisoned darts
 e - 117 stones
 m - 3 boomerangs
 v - 2 throwing nets {=f!f}
 G - 7 curare-tipped darts {=f}
Armour
 b - a +1 robe (worn)
 z - the +0 pair of boots "Piruanoat" (worn) {rElec Stlth+}
   (You acquired it on level 9 of the Dungeon)

   rElec:     It insulates you from electricity.
   Stlth+:    It makes you more stealthy.
 B - a +0 pair of gloves (worn)
   (You found it on level 7 of the Dungeon)
 D - the +0 cloak of Boomnudd (worn) {Drain Int-2 Dex+7 SInv}
   (You bought it in a shop on level 6 of the Dungeon)

   Int-2:     It affects your intelligence (-2).
   Dex+7:     It affects your dexterity (+7).
   SInv:      It lets you see invisible.
   Drain:     It drains your maximum health when unequipped.
Jewellery
 E - a ring of willpower
   (You found it on level 8 of the Dungeon)
 H - the ring of Fiobludd {rF+ Will++ rCorr Int-2 SInv}
   (You found it in an ice cave)

   [ring of protection from fire]

   Int-2:     It affects your intelligence (-2).
   rF+:       It protects you from fire.
   Will++:    It greatly increases your willpower.
   SInv:      It lets you see invisible.
   rCorr:     It protects you from acid and corrosion.
 I - a +6 ring of intelligence
   (You found it on level 1 of the Dungeon)
 O - a +4 ring of protection (right hand)
   (You found it on level 1 of the Dungeon)
 Y - a +4 ring of slaying (left hand)
   (You found it on level 7 of the Dungeon)
Wands
 u - a wand of flame (19)
   (You found it on level 5 of the Dungeon)
 C - a wand of paralysis (10)
   (You took it off Maurice on level 10 of the Dungeon)
Scrolls
 f - 2 scrolls of enchant weapon
 j - 5 scrolls of blinking {!r}
 k - 2 scrolls of teleportation {@r4}
 r - 2 scrolls of vulnerability {!r!r}
 s - 2 scrolls of enchant armour
 w - a scroll of fear
 x - a scroll of revelation
 y - a scroll of immolation {!r!r}
 A - a scroll of identify {@r1}
 F - a scroll of brand weapon
Potions
 c - 2 potions of invisibility
 g - a potion of cancellation
 h - a potion of enlightenment
 i - a potion of heal wounds {@q2}
 l - 2 potions of resistance
 n - 2 potions of attraction {!q}
 o - 3 potions of lignification {!q}
 p - 2 potions of mutation {!q}
 q - a potion of might
 K - a potion of brilliance

Dungeon Overview and Level Annotations

Branches:
Dungeon (13/15) Zot: 26977  Temple (1/1) D:6 Zot: 5981    Lair (0/5) D:9
  IceCv (1/1) Zot: 4635
    Orc: D:9-12      Vaults: D:13-14

Altars:
Ashenzari
Cheibriados
Dithmenos
Fedhas
Gozag
Hepliaklqana
Kikubaaqudgha
Makhleb
Nemelex Xobeh
Okawaru
Qazlal
Ru
Sif Muna
Trog
Uskayaw
Vehumet
Wu Jian
Xom
Yredelemnul

Shops:
D:2 [   D:6 [   D:9 :   D:11 [[

Annotations:
D:8 3 runed translucent doors, Pi314's ghost, novice DrSh
D:9 2 transporters, Dirtsage's ghost, novice OpSh

### ##.##
###...##
#.#....#
##......#
#.#.#[#.#
##@#####.#
#Y## ##.#
##.####..#
#.#
##Y##..##
##..#
##.##.##
#....
#.##..#
#.p..#
##.##.##
##..{..
#.###..##
.....{.##
##..##...##


You could see a death yak.


Message History

😨 MP[+1]
You start resting. 😨 HP[+1] MP[+1]
Your mp is fully restored (32).
You start resting.
Dithmenos accepts your kill.
You feel a bit more experienced.
Your Short Blades skill increases to level 11! 😨 HP[+3]
You now have 72 max hp (+1).
You regained 3 hp, and now have 33/72 hp.
You start resting.
You flicker for a moment.
Dithmenos accepts your kill.
You feel a bit more experienced.
You flicker back into view.
Key pressed, stopping explore.
You sense a monster nearby. 😎 HP[+39]
Your hp is fully restored (72).
A wolf is nearby!
A wolf is nearby!
A wolf is nearby!
You catch the helpless wolf completely off-guard!
You perforate the wolf like a sieve!!!
You kill the wolf!
Dithmenos accepts your kill.
No target in view!
No target in view!
No target in view!
No target in view!
No target in view!
You see here a wolf corpse.
You sense a monster nearby.
You see here a potion of degeneration {!q}.
The death yak bellows!
The ironbound frostheart shouts!
The yak bellows!
You hear a bellow!
There are monsters nearby!
You see here a potion of degeneration {!q}.
You see here a wolf corpse.
You start waiting.
A death yak is nearby!
Casting: Confusing Touch (safe; 1% risk of failure)
Confirm with . or Enter, or press ? or * to list all spells.
Your hands begin to glow red.
The death yak gores you. 😕 HP[-5] MP[-3]
You take 5 damage, and now have 67/72 hp.
You lost 3 mp, and now have 29/32 mp.
You hit the death yak but do no damage. You hit the death yak but do no damage.
The death yak is struck by your spines. The death yak gores you! 😮 HP[-13]
You take 13 damage, and now have 54/72 hp.
Unknown command.
You hit the death yak but do no damage.
Unknown command.
You barely miss the death yak. The death yak is struck by your spines.
The death yak gores you but does no damage. 😮 MP[+1]
You barely miss the death yak.
Unknown command.
You hit the death yak but do no damage. The death yak gores you. 😮 HP[-6]
You take 6 damage, and now have 48/72 hp.
You hit the death yak but do no damage.
Unknown command.
You hit the death yak but do no damage.
The death yak barely misses you. 😮 HP[+1]
You hit the death yak but do no damage.
Unknown command.
You hit the death yak but do no damage. The death yak barely misses you.
You hit the death yak but do no damage. You hit the death yak but do no damage.
The death yak gores you! 😮 HP[-12] MP[+1]
You take 12 damage, and now have 37/72 hp.
Unknown command.
You hit the death yak but do no damage. You hit the death yak but do no damage.
The death yak gores you!!
* * * LOW HITPOINT WARNING * * *
😱 HP[-20]
You take 20 damage, and now have 17/72 hp.
MASSIVE DAMAGE!! (PAUSE)
You hit the death yak but do no damage.
Unknown command.
You hit the death yak but do no damage. The death yak gores you.
* * * LOW HITPOINT WARNING * * *
😱 HP[-3]
You take 3 damage, and now have 14/72 hp.
You barely miss the death yak. You barely miss the death yak.
The death yak gores you!
* * * LOW HITPOINT WARNING * * *
😱 HP[-10]
You take 10 damage, and now have 4/72 hp.
Unknown command.
You hit the death yak but do no damage. You hit the death yak but do no damage.
Your hands stop glowing.
The death yak gores you!!
You die...

Skill      XL: |  1  2  3  4  5  6  7  8  9 10 11 |
---------------+----------------------------------+-----
Short Blades   | 1 2 3 4 6 8 9 11 | 11.0
Stealth        | 3 4 5 6 8 9 |  9.0
Ice Magic      | 1 2 3 |  3.0
Hexes          | 4 5 7 8 9 |  9.0
Spellcasting   | 3 5 6 7 8 |  8.0
Invocations    | 2 |  2.5
Dodging        | 2 |  2.5
Fighting       | 1 |  1.8
Armour         | 1 |  1.6

Action                     |  1- 3 |  4- 6 |  7- 9 | 10-12 || total
---------------------------+-------+-------+-------+-------++-------
  Melee: Dagger            |    95 |   168 |   187 |       ||   450
         Punch             |       |     3 |     4 |     8 ||    15
         Short sword       |       |       |   112 |   276 ||   388
   Cast: Ensorcelled Hiber |     1 |    17 |    38 |    20 ||    76
         Confusing Touch   |       |     1 |    14 |     3 ||    18
         Cause Fear        |       |       |       |     2 ||     2
  Evoke: Wand              |       |       |       |     4 ||     4
    Use: Scroll            |     5 |     4 |    13 |     9 ||    31
         Potion            |       |       |       |     2 ||     2
   Stab: Sleeping          |     5 |    14 |    30 |    19 ||    68
         Confused          |       |     2 |    18 |     2 ||    22
         Distracted        |       |       |       |     2 ||     2
 Armour: Robe              |    42 |    72 |   172 |   162 ||   448
  Dodge: Dodged            |    53 |    78 |   150 |   139 ||   420

Levels and vault maps discovered:
D:1:      dpeg_arrival_simpleton_c, layout_rooms,
          shapermc_ecumenical_altar_mp_ritualfount
D:2:      layout_rooms, serial_shops, nicolae_shop_advertising_works
          [nicolae_subvault_shop_adworks], basic_altar,
          kennysheep_decorative_pillar, uniq_natasha, uniq_jessica
D:3:      layout_basic, minmay_misc_feat_secret_circle
D:4:      layout_basic, kennysheep_mini_moat, mainiacjoe_overflow_paths,
          serial_rivers, chequers_serial_rivers_room_a,
          chequers_serial_rivers_room_b, chequers_serial_rivers_small_b,
          chequers_serial_rivers_micro_c, chequers_serial_rivers_small_3,
          chequers_serial_rivers_room_a, uniq_menkaure
D:5:      layout_rooms, kennysheep_orc_sif_temple, uniq_edmund, uniq_sigmund,
          uniq_pikel, uniq_grinder
D:6:      layout_layer_cave, minmay_temple_entry_antechambers, serial_shops,
          shop_coins
D:7:      layout_rooms, lemuel_coloured_pillars_altar
D:8:      layout_loops_ring, nicolae_wu_jian_glorious_leap, lemuel_tele_altar,
          mainiacjoe_overflow_alcove_2, gammafunk_ghost_icy,
          nicolae_benzene_ring, grunt_ministairs_13, kennysheep_generic_room_15
D:9:      layout_irregular_city, overflow_temple_1_default, erik_lair_island,
          gammafunk_ghost_wrathful_warriors, abandoned_shop,
          nicolae_shop_self_help
D:10:     layout_rooms, uniq_sonja, uniq_maurice
D:11:     layout_loops_ring, portal_ice_cave_rime, serial_shops, shop,
          nicolae_shop_peninsula, nicolae_shop_hallway_plus, shop,
          kennysheep_little_box, minmay_rotating_lava
D:12:     layout_loops_ring, minmay_orc_entry_temple_small
D:13:     layout_small_grid, ximxim_vaults_locker_room, minmay_curled_crystal,
          nrook_uturn, chequers_serial_rivers_room_b
Temple:   nicolae_temple_two_arcs
IceCv:    ice_cave_caverns_02

Notes
Turn   | Place    | Note
-------+----------+-------------------------------------------
     0 | D:1      | kae the Demonspawn Enchanter began the quest for the Orb.
     0 | D:1      | Reached XP level 1. HP: 13/13 MP: 3/3
     0 | D:1      | magus.rc [v1.11.3]
    95 | D:1      | Reached skill level 1 in Short Blades
   185 | D:1      | Gained mutation: You are partially covered in slimy green
                  | scales. (AC +2) [demonic ancestry]
   185 | D:1      | Reached XP level 2. HP: 9/19 MP: 5/5
   188 | D:1      | Learned a level 2 spell: Ensorcelled Hibernation
   423 | D:1      | You pick up a book of Air and begin reading...
   423 | D:1      | You add the spells Shock, Swiftness and Airstrike to your
                  | library.
   505 | D:1      | Found a faded altar of an unknown god.
   700 | D:2      | Reached skill level 3 in Stealth
   700 | D:2      | Reached XP level 3. HP: 24/24 MP: 6/6
   738 | D:2      | You pick up a book of Scorching and begin reading...
   738 | D:2      | You add the spells Scorch, Flame Wave and Summon Cactus
                  | Giant to your library.
   783 | D:2      | Learned a level 3 spell: Confusing Touch
   798 | D:2      | Noticed Jessica
   809 | D:2      | Killed Jessica
   810 | D:2      | Reached skill level 2 in Short Blades
   810 | D:2      | Gained mutation: You are mostly covered in slimy green
                  | scales. (AC +3) [demonic ancestry]
   810 | D:2      | Reached XP level 4. HP: 30/30 MP: 4/7
   834 | D:2      | Found Ivammouk's Armour Emporium.
   835 | D:2      | Identified the +3 sling of Gallantry {freeze, rPois rN+
                  | rCorr}
  1039 | D:2      | Noticed Natasha
  1047 | D:2      | Killed Natasha
  1268 | D:2      | Found a radiant altar of Vehumet.
  1339 | D:2      | Noticed Natasha
  1352 | D:2      | Killed Natasha
  1353 | D:2      | Reached skill level 1 in Ice Magic
  1500 | D:2      | Found Ivammouk's Armour Emporium.
  1553 | D:2      | Noticed Natasha
  1558 | D:2      | Killed Natasha
  1559 | D:2      | Reached XP level 5. HP: 35/35 MP: 6/9
  1708 | D:2      | Found a radiant altar of Vehumet.
  1860 | D:3      | Identified a scroll of acquirement
  1860 | D:3      | Identified the "Lozad" (You acquired it on level 3 of the
                  | Dungeon)
  1860 | D:3      | Acquired Nilemei's Verses on Enthralling Company
  1861 | D:3      | You add the spells Cause Fear, Summon Mana Viper, Haunt and
                  | Discord to your library.
  1867 | D:3      | Learned a level 3 spell: Tukima's Dance
  2545 | D:4      | Reached skill level 3 in Short Blades
  2643 | D:4      | Reached skill level 4 in Hexes
  2687 | D:4      | Identified the +8 short sword "Ulugariv" {drain, rF+ rN+
                  | Will- MP+9}
  2760 | D:4      | Noticed Menkaure
  2768 | D:4      | Reached skill level 3 in Spellcasting
  2768 | D:4      | Reached XP level 6. HP: 41/41 MP: 10/10
  2815 | D:4      | Found a broken altar of Ashenzari.
  3022 | D:4      | Killed Menkaure
  3023 | D:4      | Reached skill level 4 in Stealth
  3023 | D:4      | Reached skill level 2 in Ice Magic
  3149 | D:4      | Gained mutation: You have a pair of small antennae on your
                  | head. [demonic ancestry]
  3149 | D:4      | Reached XP level 7. HP: 42/46 MP: 9/12
  3364 | D:4      | You pick up a book of Callings and begin reading...
  3364 | D:4      | You add the spells Summon Small Mammal, Call Canine
                  | Familiar and Summon Guardian Golem to your library.
  3394 | D:4      | Reached skill level 4 in Short Blades
  3399 | D:4      | You pick up a book of Spectacle and begin reading...
  3399 | D:4      | You add the spells Volatile Blastmotes, Starburst and
                  | Maxwell's Capacitive Coupling to your library.
  3426 | D:4      | Found an ancient bone altar of Kikubaaqudgha.
  3592 | D:4      | You pick up a book of Conjurations and begin reading...
  3592 | D:4      | You add the spells Magic Dart, Searing Ray and Fulminant
                  | Prism to your library.
  3706 | D:4      | Learned a level 4 spell: Cause Fear
  3722 | D:5      | Entered Level 5 of the Dungeon
  3980 | D:5      | Noticed Grinder
  3982 | D:5      | Noticed Edmund
  3982 | D:5      | Paralysed by Grinder for 2 turns
  4011 | D:6      | Gained mutation: You have a pair of antennae on your head.
                  | [demonic ancestry]
  4011 | D:6      | Reached XP level 8. HP: 52/52 MP: 13/13
  4111 | D:6      | Reached skill level 4 in Spellcasting
  4225 | D:6      | Killed Grinder
  4226 | D:6      | Reached skill level 5 in Short Blades
  4226 | D:6      | Reached skill level 5 in Stealth
  4226 | D:6      | Reached skill level 5 in Hexes
  4226 | D:6      | Reached skill level 3 in Ice Magic
  4321 | D:5      | Noticed Sigmund
  4328 | D:5      | Killed Sigmund
  4436 | D:5      | Killed Edmund
  4599 | D:5      | Noticed Pikel
  4629 | D:5      | Killed Pikel
  4630 | D:5      | Reached skill level 6 in Short Blades
  4630 | D:5      | Reached skill level 5 in Spellcasting
  4630 | D:5      | Reached XP level 9. HP: 32/57 MP: 9/16
  4767 | D:5      | Found a shimmering blue altar of Sif Muna.
  5003 | D:6      | Reached skill level 6 in Hexes
  5010 | D:6      | Reached skill level 6 in Stealth
  5570 | D:6      | Reached skill level 7 in Short Blades
  5640 | D:6      | Found a staircase to the Ecumenical Temple.
  5701 | Temple   | Entered the Ecumenical Temple
  5903 | D:6      | Found Poupt's Antique Armour Emporium.
  5965 | D:6      | You add the spells Blink and Manifold Assault to your
                  | library.
  6706 | D:7      | Found an iron altar of Okawaru.
  7109 | D:6      | Bought a pair of embroidered boots for 172 gold pieces
  7114 | D:6      | Bought a translucent cloak for 218 gold pieces
  7114 | D:6      | Identified the +0 cloak of Boomnudd {Drain Int-2 Dex+7
                  | SInv} (You bought it in a shop on level 6 of the Dungeon)
  7337 | D:8      | Found a radiant altar of Vehumet.
  7369 | D:8      | Found a runed translucent gate.
  7370 | D:8      | Found a runed translucent gate.
  7371 | D:8      | Found a runed translucent gate.
  7398 | D:8      | You pick up a book of the Hunter and begin reading...
  7398 | D:8      | You add the spells Sigil of Binding, Dimensional Bullseye
                  | and Leda's Liquefaction to your library.
  7492 | D:8      | Reached skill level 8 in Short Blades
  7497 | D:8      | Reached skill level 6 in Spellcasting
  7521 | D:8      | You pick up a book of Callings and begin reading...
  7744 | D:8      | Found a shadowy altar of Dithmenos.
  7838 | D:8      | Found an ornate altar of the Wu Jian Council.
  7879 | D:8      | Noticed Pi314's ghost (novice DrSh)
  8292 | D:8      | Became a worshipper of Dithmenos the Shadowed
  8356 | D:9      | Learned a level 8 spell: Discord
  8360 | D:9      | Acquired the +0 pair of boots "Piruanoat" {rElec Stlth+}
  8379 | D:9      | Found Veenubo's Self-Improvement Boutique.
  8424 | D:9      | You pick up a book of Displacement and begin reading...
  8424 | D:9      | You add the spells Lesser Beckoning, Gell's Gravitas and
                  | Teleport Other to your library.
  8441 | D:9      | Noticed a kobold demonologist
  8452 | D:9      | Killed a kobold demonologist
  8453 | D:9      | Reached skill level 7 in Hexes
  8453 | D:9      | Gained mutation: You are partially covered in sharp spines.
                  | [demonic ancestry]
  8453 | D:9      | Reached XP level 10. HP: 62/63 MP: 19/19
  8463 | D:9      | Reached skill level 7 in Stealth
  8647 | D:9      | Found a transporter.
  8651 | D:9      | Noticed a tengu warrior
  8652 | D:9      | Noticed a moth of wrath
  8663 | D:9      | Noticed Dirtsage's ghost (novice OpSh)
  8682 | D:9      | Found a blossoming altar of Fedhas.
  8826 | D:9      | Reached * piety under Dithmenos
  8831 | D:9      | Found a staircase to the Lair.
  9055 | D:9      | Found a bloodstained altar of Trog.
  9062 | D:9      | Found a transporter.
  9062 | D:9      | Noticed a two-headed ogre
  9135 | D:9      | Noticed a two-headed ogre
  9137 | D:9      | Killed a two-headed ogre
  9138 | D:9      | Reached skill level 9 in Short Blades
  9366 | D:10     | Entered Level 10 of the Dungeon
  9366 | D:10     | Noticed Sonja
  9366 | D:10     | Noticed Maurice
  9370 | D:10     | Killed Sonja
  9385 | D:10     | Killed Maurice
  9399 | D:10     | Noticed a gargoyle
  9399 | D:10     | You fall into a shaft and drop 3 floors!
  9399 | D:13     | Identified the "Tumor"
  9406 | D:13     | Noticed a green ugly thing
  9412 | D:13     | HP: 9/63 [meliai/+1 antimagic hand axe (13)]
  9417 | D:13     | Reached skill level 7 in Spellcasting
  9417 | D:13     | Reached skill level 8 in Hexes
  9417 | D:13     | HP: 5/63 [meliai/+0 war axe (1)]
  9418 | D:13     | Noticed a two-headed ogre
  9692 | D:12     | Noticed a two-headed ogre
  9696 | D:12     | Killed a two-headed ogre
  9697 | D:12     | Reached skill level 8 in Stealth
  9726 | D:11     | Found Dunnosir's Armour Shop.
  9727 | D:11     | Found Ibba's Antique Armour Boutique.
  9731 | D:11     | Found a frozen archway.
  9732 | D:11     | Noticed a two-headed ogre
  9738 | D:11     | Gained mutation: You have a pair of large antennae on your
                  | head. (SInv) [demonic ancestry]
  9738 | D:11     | Reached XP level 11. HP: 58/68 MP: 21/21
  9746 | D:11     | Killed a two-headed ogre
  9753 | IceCv    | Entered an ice cave
  9758 | IceCv    | Reached skill level 10 in Short Blades
  9934 | IceCv    | Identified the +4 ice dragon scales "Nanimoci" {rF- rC++
                  | rCorr Int+3 SInv}
  9963 | IceCv    | Noticed a white ugly thing
  9970 | IceCv    | HP: 7/68 [white ugly thing (11)]
  9974 | IceCv    | Killed a white ugly thing
 10179 | IceCv    | Identified the ring of Fiobludd {rF+ Will++ rCorr Int-2
                  | SInv}
 10230 | IceCv    | Reached ** piety under Dithmenos
 10429 | IceCv    | Learned a level 3 spell: Dazzling Flash
 10456 | IceCv    | Reached skill level 1 in Invocations
 10480 | IceCv    | Reached skill level 2 in Dodging
 10597 | IceCv    | Reached skill level 1 in Fighting
 10609 | IceCv    | Reached skill level 1 in Armour
 10693 | IceCv    | Reached skill level 9 in Hexes
 10693 | IceCv    | Reached skill level 2 in Invocations
 10711 | IceCv    | Reached skill level 8 in Spellcasting
 10818 | IceCv    | Reached skill level 9 in Stealth
 11003 | IceCv    | Noticed an ironbound frostheart
 11003 | IceCv    | Noticed a death yak
 11003 | IceCv    | Noticed an ironbound frostheart
 11010 | IceCv    | Noticed a death yak
 11041 | IceCv    | Killed an ironbound frostheart
 11042 | IceCv    | Reached skill level 11 in Short Blades
 11207 | IceCv    | HP: 17/72 [death yak (21)]
 11211 | IceCv    | HP: 4/72 [death yak (10)]
 11213 | IceCv    | Demolished by a death yak

Vanquished Creatures
  An ironbound frostheart (IceCv)
  3 two-headed ogres
  Sonja (D:10)
  Pikel (D:5)
  An ugly thing (IceCv)
  Maurice (D:10)
  An ice statue (IceCv)
  3 rime drakes
  A kobold demonologist (D:9)
  5 polar bears (IceCv)
  A troll (D:9)
  A meliai (D:13)
  Grinder (D:6)
  Sigmund (D:5)
  15 yaks (IceCv)
  A wyvern (D:9)
  A steam dragon (D:8)
  Menkaure (D:4)
  Edmund (D:5)
  2 water moccasins (D:6)
  2 ice beasts
  2 orc warriors (D:9)
  A sky beast (D:8)
  2 black bears (D:5)
  2 ogres
  22 wolves (IceCv)
  3 centaurs
  A lemure (D:5)
  3 phantoms
  3 bullfrogs
  A scorpion (D:5)
  7 wights (D:6)
  4 killer bees
  3 electric eels (D:9)
  2 howler monkeys
  3 jellies
  11 hounds
  5 orc priests
  Jessica (D:2)
  5 orc wizards
  A sleepcap (D:5)
  Natasha (thrice) (D:2)
  3 iguanas
  6 adders
  4 gnolls (D:8)
  A white imp (D:8)
  A worm (D:2)
  2 dart slugs
  26 orcs
  4 bats
  7 endoplasms
  5 giant cockroaches
  7 goblins
  4 hobgoblins
  5 jackals (D:3)
  6 quokkas
  8 ball pythons
  3 frilled lizards
  7 kobolds
  9 rats
238 creatures vanquished.

Vanquished Creatures (others)
  A human (D:13)
1 creature vanquished.

Grand Total: 239 creatures vanquished

Table legend:
 A = Non-vault XP
 B = Vault XP
 C = Vault XP percentage of total XP
 D = Non-vault monster count
 E = Vault monster count
 F = Vault count percentage of total count
                 A         B        C        D         E       F
            +---------+---------+-------+---------+---------+-------
      Total |    8210 |   13631 |  62.4 |     169 |      68 |  28.7
            +---------+---------+-------+---------+---------+-------
        D:1 |      40 |       0 |   0.0 |      22 |       0 |   0.0
        D:2 |     110 |      73 |  39.9 |      18 |       2 |  10.0
        D:3 |      55 |       0 |   0.0 |      19 |       0 |   0.0
        D:4 |     416 |     172 |  29.3 |      25 |       1 |   3.8
        D:5 |     659 |    1051 |  61.5 |       9 |       4 |  30.8
        D:6 |    1362 |     286 |  17.4 |      24 |       1 |   4.0
        D:7 |     476 |       0 |   0.0 |      11 |       0 |   0.0
        D:8 |     683 |      70 |   9.3 |      12 |       3 |  20.0
        D:9 |    2418 |     556 |  18.7 |      25 |       7 |  21.9
       D:10 |      63 |    1273 |  95.3 |       1 |       2 |  66.7
       D:11 |     813 |     766 |  48.5 |       1 |       2 |  66.7
       D:12 |     824 |       0 |   0.0 |       1 |       0 |   0.0
       D:13 |     291 |       0 |   0.0 |       1 |       0 |   0.0
      IceCv |       0 |    9384 | 100.0 |       0 |      46 | 100.0
            +---------+---------+-------+---------+---------+-------

Skill      XL: |  1  2  3  4  5  6  7  8  9 10 11 |
---------------+----------------------------------+-----
Short Blades   | 1 2 3 4 6 8 9 11 | 11.0
Stealth        | 3 4 5 6 8 9 |  9.0
Ice Magic      | 1 2 3 |  3.0
Hexes          | 4 5 7 8 9 |  9.0
Spellcasting   | 3 5 6 7 8 |  8.0
Invocations    | 2 |  2.5
Dodging        | 2 |  2.5
Fighting       | 1 |  1.8
Armour         | 1 |  1.6

Action                     |  1- 3 |  4- 6 |  7- 9 | 10-12 || total
---------------------------+-------+-------+-------+-------++-------
  Melee: Dagger            |    95 |   168 |   187 |       ||   450
         Punch             |       |     3 |     4 |     8 ||    15
         Short sword       |       |       |   112 |   276 ||   388
   Cast: Ensorcelled Hiber |     1 |    17 |    38 |    20 ||    76
         Confusing Touch   |       |     1 |    14 |     3 ||    18
         Cause Fear        |       |       |       |     2 ||     2
  Evoke: Wand              |       |       |       |     4 ||     4
    Use: Scroll            |     5 |     4 |    13 |     9 ||    31
         Potion            |       |       |       |     2 ||     2
   Stab: Sleeping          |     5 |    14 |    30 |    19 ||    68
         Confused          |       |     2 |    18 |     2 ||    22
         Distracted        |       |       |       |     2 ||     2
 Armour: Robe              |    42 |    72 |   172 |   162 ||   448
  Dodge: Dodged            |    53 |    78 |   150 |   139 ||   420

Illustrated notes

Table legend:
 A = Kills in this place as a percentage of kills in the entire game.
 B = Kills by you in this place as a percentage of kills by you in the entire game.
 C = Kills by friends in this place as a percentage of kills by friends in the entire game.
 D = Other kills in this place as a percentage of other kills in the entire game.
 E = Experience gained in this place as a percentage of experience gained in the entire game.
 F = Experience gained in this place divided by the number of levels of this place that you have seen.
                   A       B       C       D       E      F
               +-------+-------+-------+-------+-------+----------------------
         Total | 100.0 | 100.0 |   N/A | 100.0 | 100.0 | 1456.1
       Dungeon |  80.6 |  81.3 |   N/A |   0.0 |  57.0 | 958.2
      Ice Cave |  19.4 |  18.7 |   N/A | 100.0 |  43.0 | 9384.0
               +-------+-------+-------+-------+-------+----------------------

Table legend: (Time is in decaauts)
 A = Elapsed time spent in this place.
 B = Non-inter-level travel time spent in this place.
 C = Inter-level travel time spent in this place.
 D = Time resting spent in this place.
 E = Time spent auto-exploring this place.
 F = Levels seen in this place.
 G = Mean time per level.
                   A        B        C        D        E       F      G
               +--------+--------+--------+--------+--------+-----+--------+
         Total |  10992 |  10333 |    659 |   1100 |   7381 |  15 |  732.8 |
       Dungeon |   9610 |   8952 |    658 |    634 |   6735 |  13 |  739.2 |
        Temple |     18 |     17 |      1 |      0 |     17 |   1 |   18.0 |
      Ice Cave |   1363 |   1363 |      0 |    466 |    628 |   1 | 1363.0 |
               +--------+--------+--------+--------+--------+-----+--------+

Top non-repeatable levels by time:
     D:6: 1714 daAuts
   IceCv: 1363 daAuts
     D:4: 1312 daAuts
     D:8: 1178 daAuts
     D:2: 1163 daAuts
     D:9: 1000 daAuts
     D:5: 981 daAuts
     D:1: 685 daAuts
     D:3: 648 daAuts
     D:7: 547 daAuts
    D:13: 211 daAuts
    D:12: 113 daAuts
    D:10: 31 daAuts
    D:11: 22 daAuts
  Temple: 18 daAuts
